 Dungeon Crawl Stone Soup version 0.23-a0-473-gc8aadda (webtiles) character file.

103 theanonym the Skirmisher (level 4, 0/36 HPs)
             Began as a Mummy Warper on Nov 28, 2018.
             Slain by a gnoll
             ... wielding a +0 club
              (6 damage)
             ... on level 2 of the Dungeon.
             The game lasted 00:01:48 (1837 turns).

theanonym the Skirmisher (Mummy Warper)             Turns: 1837, Time: 00:01:49

Health: 0/36       AC:  3    Str: 15    XL:     4   Next: 51%
Magic:  8/8        EV:  8    Int: 12    God:
Gold:   42         SH:  7    Dex: 11    Spells: 8/8 levels left

rFire    . . .     SeeInvis .   a - +0 short sword
rCold    + . .     Gourm    .   f - +0 shield
rNeg     + + +     Faith    .   b - +0 leather armour
rPois    ∞         Spirit   .   h - +0 hat
rElec    .         Reflect  .   (no cloak)
rCorr    .         Harm     .   (no gloves)
MR       .....                  (no boots)
Stlth    +.........             (no amulet)
HPRegen  0.12/turn              c - ring of protection from fire
MPRegen  0.11/turn              (no ring)

@: no status effects
A: no food or potions, fire vulnerability, cold resistance 1, negative energy
resistance 3, torment resistance, unbreathing
a: no special abilities


Innate Abilities, Weirdness & Mutations

You do not eat or drink.
Your flesh is vulnerable to fire.
You are immune to poison.
Your flesh is cold resistant. (rC+)
You are immune to negative energy. (rN+++)
You are immune to unholy pain and torment.
You can survive without breathing.


   Skills:
 + Level 3.6 Fighting
 + Level 3.0 Short Blades
 - Level 0.7 Throwing
 - Level 0.7 Armour
 - Level 1.5 Dodging
 - Level 2.6 Spellcasting
   Level 2.4 Translocations


You had 8 spell levels left.
You didn't know any spells.
Your spell library contained the following spells:

 Spells                   Type           Power        Failure   Level  Hunger
 Blink                    Tloc           N/A          77%         2    N/A
 Shroud of Golubria       Chrm/Tloc      #.........   90%         2    N/A
 Gell's Gravitas          Tloc           #.........   94%         3    N/A
 Lesser Beckoning         Tloc           #.........   94%         3    N/A
 Teleport Other           Tloc           #.......     94%         3    N/A
 Passage of Golubria      Tloc           N/A          100%        4    N/A

Skill      XL: |  1  2  3  4 |
---------------+-------------+-----
Short Blades   | 2 3 |  3.0
Fighting       | 3 |  3.6
Throwing       | |  0.7
Armour         | |  0.7
Dodging        | |  1.5
Spellcasting   | |  2.6
Translocations | |  2.4

Action                   |  1- 3 |  4- 6 || total
-------------------------+-------+-------++-------
Melee: Short sword       |   151 |    49 ||   200
  Use: Scroll            |     2 |       ||     2
Armor: Leather armour    |    46 |     5 ||    51
Dodge: Dodged            |    56 |    14 ||    70
Block: Shield            |    13 |    18 ||    31

Inventory:

Hand Weapons
 a - a +0 short sword (weapon)
Missiles
 e - 5 tomahawks of dispersal (quivered)
Armour
 b - a +0 leather armour (worn)
 f - a +0 shield (worn)
   (You found it on level 1 of the Dungeon)
 h - a +0 hat (worn)
   (You found it on level 1 of the Dungeon)
Jewellery
 c - a ring of protection from fire (left hand)
   (You found it on level 1 of the Dungeon)
Scrolls
 d - a scroll of enchant weapon {unknown}
 g - a scroll of fear {unknown}
 B - a scroll of blinking


You were on level 2 of the Dungeon.
You were not hungry.

You visited 1 branch of the dungeon, and saw 2 of its levels.

You collected 42 gold pieces.

Dungeon Overview and Level Annotations

Branches:
Dungeon (2/15)

Altars:

######### #.......#
#.......# ###########
#.......# ####.........##
#........ ###
#....#######..###.......#
..#
#..(....@grr..r..r......#
#.#
#....######.r...#...g...#
#.#
##.#...........#######...
#.# #.##########.## .##
#.# #.# #.# .# ..# ###.#
#.# r. ### #...# #+# .. #
#...# ##r # #...## .


You could see a gnoll and 4 rats.

Notes
Turn   | Place    | Note
-------+----------+-------------------------------------------
     0 | D:1      | theanonym the Mummy Warper began the quest for the Orb.
     0 | D:1      | Reached XP level 1. HP: 16/16 MP: 4/4
    19 | D:1      | HP: 8/16 [giant cockroach (2)]
   319 | D:1      | Reached XP level 2. HP: 23/23 MP: 5/5
   329 | D:1      | Reached skill level 2 in Short Blades
   782 | D:1      | Reached XP level 3. HP: 20/28 MP: 7/7
  1112 | D:2      | Reached skill level 3 in Fighting
  1302 | D:2      | HP: 14/29 [frilled lizard (1)]
  1719 | D:2      | Reached XP level 4. HP: 31/35 MP: 8/8
  1808 | D:2      | HP: 15/35 [gnoll (7)]
  1815 | D:2      | HP: 15/35 [gnoll/cursed -2 club (1)]
  1822 | D:2      | HP: 7/35 [gnoll/cursed -2 club (4)]
  1823 | D:2      | Reached skill level 3 in Short Blades
  1831 | D:2      | HP: 5/36 [rat (1)]
  1837 | D:2      | Slain by a gnoll

Vanquished Creatures
  3 gnolls (D:2)
  2 adders (D:2)
  2 oozes (D:1)
  2 dart slugs
  4 leopard geckos
  3 bats
  A giant cockroach (D:1)
  6 goblins
  3 hobgoblins
  A quokka (D:2)
  10 frilled lizards
  3 kobolds (D:1)
  5 rats
45 creatures vanquished.

Table legend:
 A = Turns spent in this place as a percentage of turns spent in the entire game.
 B = Non-inter-level travel turns spent in this place as a percentage of non-inter-level travel turns spent in the entire game.
 C = Inter-level travel turns spent in this place as a percentage of turns spent in this place.
 D = Turns resting spent in this place as a percentage of non-inter-level travel turns spent in this place.
 E = Turns spent auto-exploring this place as a percentage of non-inter-level travel turns spent in this place.
 F = Non-inter-level travel turns spent in this place divided by the number of levels of this place that you've seen.
                   A       B       C       D       E      F
               +-------+-------+-------+-------+-------+----------------------
         Total | 100.0 | 100.0 |   0.7 |  37.3 |  43.9 | 912.0
       Dungeon | 100.0 | 100.0 |   0.7 |  37.3 |  43.9 | 912.0
               +-------+-------+-------+-------+-------+----------------------
